 Dungeon Crawl Stone Soup version 0.19-a0-1670-gc28a5d9 (webtiles) character file.

77 st0uf the Changer (level 4, -1/35 HPs)
             Began as a Draconian Transmuter on Sept 21, 2016.
             Slain by a gnoll
             ... wielding a +0 club
              (7 damage)
             ... on level 2 of the Dungeon.
             The game lasted 00:07:32 (1747 turns).

st0uf the Changer (Draconian Transmuter)            Turns: 1747, Time: 00:07:33

Health: -1/35      AC:  2    Str: 12    XL:     4   Next: 14%
Magic:  5/8        EV: 19    Int: 14    God:
Gold:   100        SH:  0    Dex: 17    Spells: 3 memorised, 3 levels left

rFire  . . .     SeeInvis .       - Unarmed
rCold  . . .     Gourm    .     (armour unavailable)
rNeg   . . .     Faith    .     (shield currently unavailable)
rPois  x         Spirit   .     (helmet currently unavailable)
rElec  .         Dismiss  .     (cloak currently unavailable)
rCorr  .         Reflect  .     (gloves currently unavailable)
MR     .....     Harm     .     (boots currently unavailable)
Stlth  ++........               (no amulet)
                                (no ring)
                                (no ring)

@: spider-form
A: unfitting armour, (cold-blooded), AC +5
a: End Transformation


You were on level 2 of the Dungeon.
You were hungry.
You were a venomous arachnid creature.
You visited 1 branch of the dungeon, and saw 3 of its levels.

You collected 100 gold pieces.

Inventory:

Missiles
 a - 35 arrows
Armour
 e - a +0 pair of gloves (melded)
 n - a +0 pair of boots (melded)
Scrolls
 d - 3 scrolls of enchant armour {unknown}
 g - 3 scrolls of identify {unknown}
 j - a scroll of remove curse {unknown}
 m - a scroll of enchant weapon {unknown}
 o - 2 scrolls of noise {unknown}
 p - a scroll of random uselessness {unknown}
 r - a scroll of teleportation {unknown}
 s - a scroll of recharging {unknown}
 t - a scroll of fog {unknown}
 u - a scroll of amnesia {unknown}
Potions
 h - 2 potions of curing {unknown}
 k - 2 potions of magic {unknown}
 l - a potion of brilliance {unknown}
Books
 b - a book of Changes

   Spells                             Type                      Level
   a - Beastly Appendage              Transmutation                1
   b - Sticks to Snakes               Transmutation                2
   c - Spider Form                    Transmutation/Poison         3
   d - Ice Form                       Ice/Transmutation            4
   e - Blade Hands                    Transmutation                5
Comestibles
 c - a bread ration
 i - 3 meat rations
 q - a slice of pizza
 v - 2 fruits


   Skills:
 + Level 1.1 Fighting
 + Level 1.7 Dodging
 + Level 3.0 Unarmed Combat
 * Level 3.2 Spellcasting
 * Level 3.4 Transmutations


You had 3 spell levels left.
You knew the following spells:

 Your Spells              Type           Power        Failure   Level  Hunger
a - Beastly Appendage     Tmut           ##....       17%         1    #......
b - Sticks to Snakes      Tmut           ##......     24%         2    ##.....
c - Spider Form           Tmut/Pois      #.........   52%         3    ###....


Dungeon Overview and Level Annotations

Branches:
Dungeon (3/15)

Altars:
Fedhas
Xom


Innate Abilities, Weirdness & Mutations

((Your plain brown scales are hard. (AC +5)))
Your body does not fit into most forms of armour.
((You are cold-blooded and may be slowed by cold attacks.))


Message History

* * * LOW HITPOINT WARNING * * *
You climb upwards.
There is a stone staircase leading down here.
All of the chunks of flesh in your inventory have rotted away.
Your transformation has ended.
Your +0 pair of gloves unmelds from your body.
Your +0 pair of boots unmelds from your body.
The gnoll looks more healthy.
Casting: Spider Form
Confirm with . or Enter, or press ? or * to list all spells.
You turn into a venomous arachnid creature.
Your +0 pair of gloves melds into your body.
Your +0 pair of boots melds into your body.
The gnoll hits you with a club.
* * * LOW HITPOINT WARNING * * *
You hit the gnoll but do no damage.
The gnoll is poisoned.
The gnoll is severely wounded.
You are feeling hungry.
The gnoll hits you with a club!
You die...

#.....# #......# # ##....#
#......# ## ####.# #......# #[
#.# #......# #. ##.## #......# #.
##...# #......# #. ####....#
#......# #. #......g######.####
#. #.##.##s.......### #.
#.##.##.#####....## #.
#.##.......##.##..#####. ###
#.#####.##.##.##.....<.. ..#
#...................##..
#.########.......##..#.##..#<##.#
#....<....#.####.##........#.##.#
#.#######......#.###.#.....#.##.#
#.# #...##.#.###.#..##.#.##.#


You could see a gnoll.

Vanquished Creatures
  A gnoll (D:3)
  A worm (D:2)
  2 dart slugs
  3 giant cockroaches
  6 goblins
  4 hobgoblins
  8 jackals (D:1)
  2 kobolds (D:2)
  2 bats (D:2)
  A frilled lizard (D:1)
  4 rats
34 creatures vanquished.

Vanquished Creatures (collateral kills)
  3 adders (D:2)
3 creatures vanquished.

Grand Total: 37 creatures vanquished

Notes
Turn   | Place    | Note
-------+----------+-------------------------------------------
     0 | D:1      | st0uf the Draconian Transmuter began the quest for the Orb.
     0 | D:1      | Reached XP level 1. HP: 16/16 MP: 3/3
   437 | D:1      | Reached XP level 2. HP: 19/23 MP: 3/5
  1063 | D:2      | Reached XP level 3. HP: 28/28 MP: 5/7
  1111 | D:2      | Learned a level 2 spell: Sticks to Snakes
  1115 | D:2      | Learned a level 3 spell: Spider Form
  1468 | D:2      | Found a shimmering altar of Xom.
  1661 | D:3      | Found a blossoming altar of Fedhas.
  1693 | D:3      | Reached XP level 4. HP: 24/35 MP: 6/8
  1747 | D:2      | Slain by a gnoll

Vault maps used:
D:1:      matt_arrival_diagonals
D:2:      brannock_xom_greatest_gift
D:3:      nicolae_overflow_crystal_walls, fedhas_altar_3, first_bread

Skill      XL: |  1  2  3 |
---------------+----------+-----
Transmutations | 3 |  3.4
Spellcasting   | 3 |  3.2
Fighting       | |  1.1
Dodging        | |  1.7
Unarmed Combat | |  3.0

Action                   |  1- 3 |  4- 6 || total
-------------------------+-------+-------++-------
Melee: Unarmed           |   125 |     6 ||   131
       Kick              |     6 |       ||     6
       Punch             |     1 |       ||     1
       Headbutt          |     8 |       ||     8
       Tailslap          |     5 |       ||     5
 Cast: Beastly Appendage |    26 |       ||    26
       Sticks to Snakes  |     3 |       ||     3
       Spider Form       |       |     2 ||     2
 Stab: Sleeping          |     1 |       ||     1
  Eat: Chunk             |     3 |       ||     3
Armor: Skin              |    36 |       ||    36
Dodge: Dodged            |    62 |     6 ||    68
